 Dungeon Crawl Stone Soup version 0.23-a0-143-g1adec7b (webtiles) character file.

60 Amnesiac the Magician (level 3, -3/24 HPs)
             Began as a Mummy Ice Elementalist on Sept 2, 2018.
             Was an Initiate of Vehumet.
             Slain by a kobold
             ... wielding a +0 short sword
              (4 damage)
             ... on level 1 of the Dungeon.
             The game lasted 00:02:00 (1046 turns).

Amnesiac the Magician (Mummy Ice Elementalist)      Turns: 1046, Time: 00:02:01

Health: -3/24      AC:  2    Str: 11    XL:     3   Next: 80%
Magic:  0/8        EV: 12    Int: 15    God:    Vehumet [......]
Gold:   37         SH:  0    Dex: 12    Spells: 8/9 levels left

rFire    x . .     SeeInvis .   g - +0 short sword (freeze)
rCold    + . .     Gourm    .   (no shield)
rNeg     + + +     Faith    .   a - +0 robe
rPois    ∞         Spirit   .   (no helmet)
rElec    .         Reflect  .   (no cloak)
rCorr    .         Harm     .   (no gloves)
MR       .....                  (no boots)
Stlth    ++........             (no amulet)
HPRegen  0.08/turn              (no ring)
MPRegen  0.11/turn              (no ring)

@: very slightly contaminated
A: no food or potions, fire vulnerability, cold resistance 1, negative energy
resistance 3, torment resistance, unbreathing
a: Renounce Religion


You were on level 1 of the Dungeon.
You worshipped Vehumet.
Vehumet was noncommittal.
You were not hungry.

You visited 2 branches of the dungeon, and saw 5 of its levels.

You collected 37 gold pieces.

Inventory:

Hand Weapons
 d - a +0 rapier
 g - a +0 short sword of freezing (weapon)
Armour
 a - a +0 robe (worn)
Scrolls
 b - a scroll of fog {!r, unknown}
 c - 2 scrolls of remove curse {!r, unknown}
 e - a scroll of identify {!r, unknown}
 f - a scroll of amnesia {!r, unknown}


   Skills:
 - Level 1.5 Dodging
 - Level 1.5 Stealth
 + Level 3.6 Spellcasting
   Level 0.7 Conjurations
 * Level 3.5 Ice Magic


You had 8 spell levels left.
You knew the following spells:

 Your Spells              Type           Power        Failure   Level  Hunger
a - Freeze                Ice            ##..         4%          1    N/A

Your spell library contained the following spells:

 Spells                   Type           Power        Failure   Level  Hunger
 Throw Frost              Conj/Ice       #.....       12%         2    N/A
 Ozocubu's Armour         Chrm/Ice       #.......     26%         3    N/A
 Throw Icicle             Conj/Ice       #.......     61%         4    N/A
 Summon Ice Beast         Ice/Summ       #.......     65%         4    N/A

Dungeon Overview and Level Annotations

Branches:
Dungeon (4/15)             Temple (1/1) D:4

Altars:
Cheibriados
Dithmenos
Elyvilon
Fedhas
Gozag
Hepliaklqana
Kikubaaqudgha
Makhleb
Nemelex Xobeh
Okawaru
Qazlal
Ru
Sif Muna
Trog
Uskayaw
Vehumet
Wu Jian
Xom
Yredelemnul
Zin
The Shining One


Innate Abilities, Weirdness & Mutations

You do not eat or drink.
Your flesh is vulnerable to fire.
You are immune to poison.
Your flesh is cold resistant. (rC+)
You are immune to negative energy. (rN+++)
You are immune to unholy pain and torment.
You can survive without breathing.


Message History

Aim: a hobgoblin (almost dead)
You freeze the hobgoblin.
You kill the hobgoblin!
Vehumet accepts your kill.
Casting: Freeze (safe; 4% risk of failure)
Confirm with . or Enter, or press ? or * to list all spells.
You can't see any susceptible monsters within range! (Use Z to cast anyway.)
A hobgoblin comes into view.
The hobgoblin moves out of view.
The hobgoblin shouts!
The hobgoblin is too close now for your liking.
A hobgoblin is nearby!
A hobgoblin is nearby!
A kobold comes into view. It is wielding a short sword.
Casting: Freeze (safe; 4% risk of failure)
Confirm with . or Enter, or press ? or * to list all spells.
Aiming: Freeze (safe; 4% risk of failure)
Press: ? - help, Shift-Dir - straight line, f - hobgoblin
Aim: a hobgoblin You freeze the hobgoblin.
The hobgoblin is heavily wounded.
The hobgoblin hits you but does no damage.
Casting: Freeze (safe; 4% risk of failure)
Confirm with . or Enter, or press ? or * to list all spells.
Aiming: Freeze (safe; 4% risk of failure)
Press: ? - help, Shift-Dir - straight line, f/p - hobgoblin
Aim: a hobgoblin (heavily wounded)
You freeze the hobgoblin.
The hobgoblin is severely wounded.
The hobgoblin hits you.
* * * LOW HITPOINT WARNING * * *
Casting: Freeze (safe; 4% risk of failure)
Confirm with . or Enter, or press ? or * to list all spells.
Aiming: Freeze (safe; 4% risk of failure)
Press: ? - help, Shift-Dir - straight line, f/p - hobgoblin
Aim: a hobgoblin (severely wounded)
You freeze the hobgoblin.
You kill the hobgoblin!
Vehumet accepts your kill.
The kobold throws a stone.
The stone hits you.
* * * LOW HITPOINT WARNING * * *
Casting: Freeze (safe; 4% risk of failure)
Confirm with . or Enter, or press ? or * to list all spells.
You can't see any susceptible monsters within range! (Use Z to cast anyway.)
The kobold throws a stone.
The stone hits you but does no damage.
Things that are here:
a stone; a hobgoblin corpse
Casting: Freeze (safe; 4% risk of failure)
Confirm with . or Enter, or press ? or * to list all spells.
You can't see any susceptible monsters within range! (Use Z to cast anyway.)
Casting: Freeze (safe; 4% risk of failure)
Confirm with . or Enter, or press ? or * to list all spells.
You can't see any susceptible monsters within range! (Use Z to cast anyway.)
The kobold hits you with a short sword.
* * * LOW HITPOINT WARNING * * *
Casting: Freeze (safe; 4% risk of failure)
Confirm with . or Enter, or press ? or * to list all spells.
Aiming: Freeze (safe; 4% risk of failure)
Press: ? - help, Shift-Dir - straight line, f - kobold
Aim: a kobold, wielding a short sword You freeze the kobold.
The kobold is moderately wounded.
The kobold hits you with a short sword.
You die...

#######.....# #.#
♣......†##### .#
♣♣#####.## ♣♣
#..#######. ..P
#.......... ..
##.#######.
♣♣.####(.......
♣♣.....(#.......
♣.....@.#.......
.......K.#.......
.........##......
..###....# ......
. #....# ......
#....# ..####
#....# ♣♣♣###


You could see a kobold.

Vanquished Creatures
  A crimson imp (D:3)
  An adder (D:3)
  A leopard gecko (D:4)
  An orc (D:4)
  A giant cockroach (D:2)
  4 hobgoblins
  2 kobolds
  2 bats
  2 rats (D:2)
15 creatures vanquished.

Notes
Turn   | Place    | Note
-------+----------+-------------------------------------------
     0 | D:1      | Amnesiac the Mummy Ice Elementalist began the quest for the
                  | Orb.
     0 | D:1      | Reached XP level 1. HP: 13/13 MP: 4/4
   168 | D:3      | Noticed a crimson imp
   176 | D:3      | Reached XP level 2. HP: 14/19 MP: 0/5
   258 | D:3      | Killed a crimson imp
   258 | D:3      | Reached XP level 3. HP: 22/24 MP: 0/7
   424 | D:4      | Found a blossoming altar of Fedhas.
   522 | D:4      | Found a staircase to the Ecumenical Temple.
   597 | Temple   | Entered the Ecumenical Temple
   893 | Temple   | Became a worshipper of Vehumet
  1045 | D:1      | HP: 1/24 [kobold/short sword (6)]
  1046 | D:1      | Slain by a kobold

Vault maps used:
D:1:      ncdulo_smallfort, serial_forest, infiniplex_forest_clump_curved,
          infiniplex_forest_end_2, infiniplex_forest_straight_2,
          infiniplex_forest_end_double, infiniplex_forest_clump_diagonal,
          infiniplex_forest_clump_double
D:2:      minmay_surrounded
D:4:      minmay_temple_entry_statues_fountains, first_ration, fedhas_altar_4,
          uniq_eustachio
Temple:   regret_index_temple_sigil_plot

Skill      XL: |  1  2 |
---------------+-------+-----
Ice Magic      | 3 |  3.5
Spellcasting   | 3 |  3.6
Dodging        | |  1.5
Stealth        | |  1.5
Conjurations   | |  0.7

Action                   || total
-------------------------++-------
Melee: Whip              ||     3
 Cast: Freeze            ||    34
Armor: Robe              ||     7
Dodge: Dodged            ||    18

Table legend:
 A = Non-vault XP
 B = Vault XP
 C = Vault XP percentage of total XP
 D = Non-vault monster count
 E = Vault monster count
 F = Vault count percentage of total count
                 A         B        C        D         E       F
            +---------+---------+-------+---------+---------+-------
      Total |      81 |       5 |   5.8 |      12 |       3 |  20.0
            +---------+---------+-------+---------+---------+-------
        D:1 |       7 |       0 |   0.0 |       4 |       0 |   0.0
        D:2 |       7 |       5 |  41.7 |       4 |       3 |  42.9
        D:3 |      61 |       0 |   0.0 |       2 |       0 |   0.0
        D:4 |       6 |       0 |   0.0 |       2 |       0 |   0.0
            +---------+---------+-------+---------+---------+-------
